 Dungeon Crawl Stone Soup version 0.30-a0-373-gd37427bb62 (webtiles) character file.

Game seed: 2387628027048342841

739 Maxmaps the Ducker (level 7, -12/60 HPs)
             Began as a Gnoll Monk on Nov 23, 2022.
             Mangled by Pikel
             ... wielding a +1 whip of electrocution
              (20 damage)
             ... on level 5 of the Dungeon.
             The game lasted 00:04:58 (5157 turns).

Maxmaps the Ducker (Gnoll Monk)                     Turns: 5157, Time: 00:04:58

Health: -12/60     AC: 15    Str: 10    XL:     7   Next: 75%
Magic:  11/11      EV:  6    Int: 12    God:
Gold:   362        SH:  0    Dex: 14    Spells: 11/11 levels left

rFire   . . .      SeeInvis .    i - +1 whip (flame)
rCold   . . .      Faith    .    (no shield)
rNeg    . . .      Spirit   .    w - +0 chain mail
rPois   .          Reflect  .    n - +0 helmet
rElec   .          Harm     .    (no cloak)
rCorr   +          Rampage  .    u - +0 pair of gloves
Will    .....                    (no boots)
Stlth   ..........               (no amulet)
HPRegen 0.30/turn                j - +4 ring of protection
MPRegen 0.12/turn                m - ring of resist corrosion

@: studying Unarmed Combat
A: fangs 1, strong nose, distributed training
a: no special abilities


You were on level 5 of the Dungeon.
You visited 1 branch of the dungeon, and saw 6 of its levels.

You collected 362 gold pieces.

Inventory:

Hand Weapons
 a - a +0 falchion
 i - a +1 whip of flaming (weapon)
Armour
 n - a +0 helmet (worn)
 u - a +0 pair of gloves (worn)
 w - a +0 chain mail (worn)
Jewellery
 j - a +4 ring of protection (left hand)
 m - a ring of resist corrosion (right hand)
Wands
 f - a wand of iceblast (16)
Scrolls
 b - a scroll of amnesia {unknown}
 d - a scroll of fear {unknown}
 k - a scroll of teleportation
 l - 2 scrolls of poison {unknown}
 q - a scroll of noise {unknown}
 r - 2 scrolls of enchant armour {unknown}
 t - 8 scrolls of identify
 v - a scroll of butterflies {unknown}
Potions
 c - a potion of ambrosia
 e - 2 potions of curing
 g - 2 potions of attraction {unknown}
 h - 2 potions of berserk rage {unknown}
 o - 2 potions of lignification {unknown}
 p - 2 potions of magic {unknown}
 s - a potion of flight {unknown}


   Skills:
 + Level 7.1 Fighting
 + Level 2.8 Short Blades
 + Level 7.1 Long Blades
 + Level 2.8 Axes
 + Level 2.8 Maces & Flails
 + Level 2.8 Polearms
 + Level 2.8 Staves
 + Level 2.8 Ranged Weapons
 + Level 2.8 Throwing
 + Level 2.8 Armour
 + Level 7.1 Dodging
 + Level 5.1 Stealth
 + Level 2.8 Shields
 + Level 3.4 Unarmed Combat
 + Level 2.8 Spellcasting
 + Level 2.2 Conjurations
 + Level 2.2 Hexes
 + Level 2.2 Summonings
 + Level 2.2 Necromancy
 + Level 2.2 Translocations
 + Level 2.2 Transmutations
 + Level 2.2 Fire Magic
 + Level 2.2 Ice Magic
 + Level 2.2 Air Magic
 + Level 2.2 Earth Magic
 + Level 2.2 Poison Magic
 + Level 3.1 Invocations
 + Level 2.8 Evocations


You had 11 spell levels left.
You didn't know any spells.
Your spell library contained the following spells:

 Spells                   Type           Power      Damage    Failure   Level
 Summon Forest            Summ/Tloc      3%         N/A       100%        5
 Eringya's Noxious Bog    Tmut/Pois      3%         N/A       100%        6
 Summon Hydra             Summ           3%         N/A       100%        7


Dungeon Overview and Level Annotations

Branches:
Dungeon (6/15)
 Temple: D:4-7

Altars:
Elyvilon
Vehumet

Annotations:
D:5 Pikel


Innate Abilities, Weirdness & Mutations

You have very sharp teeth.
Your uncanny sense of smell can sniff out nearby items.
Your experience applies equally to all skills.


Message History

The lemure is severely wounded.
The lemure hits you.
You hit the lemure but do no damage.
The lemure is severely wounded.
The lemure hits you but does no damage.
You closely miss the lemure.
The lemure is severely wounded.
The lemure hits you but does no damage.
You hit the lemure but do no damage.
The lemure is severely wounded.
The lemure hits you but does no damage.
You closely miss the lemure. Your bite misses the lemure.
The lemure is severely wounded.
The lemure hits you but does no damage.
You hit the lemure. You burn the lemure. You bite the lemure.
The lemure is almost dead.
The lemure hits you!
You closely miss the lemure.
The lemure is almost dead.
The lemure hits you but does no damage.
You hit the lemure but do no damage. You bite the lemure.
The lemure is almost dead.
The lemure hits you.
You hit the lemure. You burn the lemure.
You kill the lemure!
That felt strangely unrewarding.
You barely miss Pikel.
Pikel hits you with a +1 whip of electrocution.
You hit Pikel. You burn Pikel.
Pikel is lightly wounded.
Pikel says, "Hell isn't that bad."
Pikel barely misses you.
You hit Pikel but do no damage. Your bite misses Pikel.
Pikel is lightly wounded.
Pikel hits you but does no damage.
You are electrocuted!
* * * LOW HITPOINT WARNING * * *
You hit Pikel but do no damage.
Pikel is lightly wounded.
Pikel hits you but does no damage.
You are electrocuted!!
You die...

#.# ##..##.##..## #.#
###...#...#..## #######.####
##.....#.P.#.... #..........##
#......#...#.5<. #...........#
#......##.##...# #...........##
##.............. #............#
##.............#
##............###5.............#
#..............@K5....#######..#
#..............####...#.........
#...............# #...#.#..#....
#...............# ##..#..#......
##..............## #..#...#...#.
#...............# ##.#.#..#...#
#...............# #.#)....#...
##..............# ##)).....#.#
##............## ##)..#.....


You could see Pikel and 2 lemures.

Vanquished Creatures
  2 lemures (D:5)
  A necrophage (D:5)
  2 jellies
  3 orc priests
  4 hounds
  2 iguanas
  3 orc wizards
  Robin (D:2)
  8 gnolls
  8 adders
  A white imp (D:5)
  An ufetubus (D:4)
  A worm (D:4)
  17 orcs
  A bat (D:3)
  5 endoplasms
  2 giant cockroaches (D:4)
  11 goblins
  5 hobgoblins
  7 jackals
  3 quokkas
  6 ball pythons
  3 frilled lizards
  8 kobolds
  6 rats
111 creatures vanquished.

Vanquished Creatures (others)
  4 toadstools (D:5)
4 creatures vanquished.

Grand Total: 115 creatures vanquished

Notes
Turn   | Place    | Note
-------+----------+-------------------------------------------
     0 | D:1      | Maxmaps the Gnoll Monk began the quest for the Orb.
     0 | D:1      | Reached XP level 1. HP: 23/23 MP: 1/1
   135 | D:1      | Reached XP level 2. HP: 29/29 MP: 2/2
   796 | D:2      | Noticed Robin
   808 | D:2      | Killed Robin
   809 | D:2      | Reached XP level 3. HP: 25/35 MP: 3/3
   827 | D:2      | Reached skill level 1 in Invocations
   927 | D:2      | Reached skill level 1 in Short Blades
   927 | D:2      | Reached skill level 1 in Axes
   927 | D:2      | Reached skill level 1 in Maces & Flails
   927 | D:2      | Reached skill level 1 in Polearms
   927 | D:2      | Reached skill level 1 in Staves
   927 | D:2      | Reached skill level 1 in Ranged Weapons
   927 | D:2      | Reached skill level 1 in Throwing
   927 | D:2      | Reached skill level 1 in Armour
   927 | D:2      | Reached skill level 1 in Shields
   927 | D:2      | Reached skill level 1 in Unarmed Combat
   927 | D:2      | Reached skill level 1 in Spellcasting
   927 | D:2      | Reached skill level 1 in Evocations
   998 | D:2      | Reached XP level 4. HP: 41/41 MP: 5/5
  1151 | D:2      | Reached skill level 1 in Conjurations
  1151 | D:2      | Reached skill level 1 in Hexes
  1151 | D:2      | Reached skill level 1 in Summonings
  1151 | D:2      | Reached skill level 1 in Necromancy
  1151 | D:2      | Reached skill level 1 in Translocations
  1151 | D:2      | Reached skill level 1 in Transmutations
  1151 | D:2      | Reached skill level 1 in Fire Magic
  1151 | D:2      | Reached skill level 1 in Ice Magic
  1151 | D:2      | Reached skill level 1 in Air Magic
  1151 | D:2      | Reached skill level 1 in Earth Magic
  1151 | D:2      | Reached skill level 1 in Poison Magic
  1552 | D:2      | Reached XP level 5. HP: 15/47 MP: 5/7
  1824 | D:3      | Found a faded altar of an unknown god.
  2479 | D:4      | Reached XP level 6. HP: 49/53 MP: 8/8
  3459 | D:4      | Reached XP level 7. HP: 40/60 MP: 10/10
  3845 | D:5      | Entered Level 5 of the Dungeon
  3895 | D:5      | Found a radiant altar of Vehumet.
  3931 | D:5      | Found a white marble altar of Elyvilon.
  3957 | D:5      | Reached skill level 5 in Stealth
  5094 | D:6      | Noticed Pikel
  5157 | D:5      | Mangled by Pikel

Illustrated notes

Levels and vault maps discovered:
D:1:      beargit_arrival_greenhouse, layout_basic, amethyst_killhole,
          hangedman_decor_peaks_small
D:2:      layout_rooms, uniq_robin
D:3:      layout_rooms, dreamdust_ecumenical_altar_statues
D:4:      minmay_general_purpose_star, layout_basic, reono_crystal_passage,
          minmay_manual_moon
D:5:      layout_cave_pods, mainiacjoe_overflow_tiny_flanked, elyvilon_altar_1,
          minivault_5, hangedman_decor_opposing, minmay_gold_behind_fungi
D:6:      layout_basic, minmay_temple_entry_tees, minmay_misc_feat_hallway,
          uniq_duvessa, uniq_crazy_yiuf_cottage, uniq_pikel

Skill      XL: |  1  2  3  4  5  6  7 |
---------------+----------------------+-----
Invocations    | 1 2 3 |  3.1
Short Blades   | 1 2 |  2.8
Axes           | 1 2 |  2.8
Maces & Flails | 1 2 |  2.8
Polearms       | 1 2 |  2.8
Staves         | 1 2 |  2.8
Ranged Weapons | 1 2 |  2.8
Throwing       | 1 2 |  2.8
Armour         | 1 2 |  2.8
Shields        | 1 2 |  2.8
Unarmed Combat | 1 2 3 |  3.4
Spellcasting   | 1 2 |  2.8
Evocations     | 1 2 |  2.8
Conjurations   | 1 2 |  2.2
Hexes          | 1 2 |  2.2
Summonings     | 1 2 |  2.2
Necromancy     | 1 2 |  2.2
Translocations | 1 2 |  2.2
Transmutations | 1 2 |  2.2
Fire Magic     | 1 2 |  2.2
Ice Magic      | 1 2 |  2.2
Air Magic      | 1 2 |  2.2
Earth Magic    | 1 2 |  2.2
Poison Magic   | 1 2 |  2.2
Fighting       | 7 |  7.1
Long Blades    | 7 |  7.1
Dodging        | 7 |  7.1
Stealth        | 5 |  5.1

Action                   |  1- 3 |  4- 6 |  7- 9 || total
-------------------------+-------+-------+-------++-------
Melee: Falchion          |    23 |       |       ||    23
       Whip              |    58 |   280 |   151 ||   489
       Bite              |     5 |    24 |    26 ||    55
       Punch             |       |     6 |     3 ||     9
  Use: Scroll            |       |     4 |       ||     4
       Potion            |       |     3 |     1 ||     4
 Stab: Sleeping          |     4 |     4 |       ||     8
Armor: Robe              |     7 |       |       ||     7
       Leather armour    |    28 |    97 |     1 ||   126
       Chain mail        |       |       |    96 ||    96
Dodge: Dodged            |    77 |   266 |    40 ||   383

Table legend: (Time is in decaauts)
 A = Elapsed time spent in this place.
 B = Non-inter-level travel time spent in this place.
 C = Inter-level travel time spent in this place.
 D = Time resting spent in this place.
 E = Time spent auto-exploring this place.
 F = Levels seen in this place.
 G = Mean time per level.
                   A        B        C        D        E       F      G
               +--------+--------+--------+--------+--------+-----+--------+
         Total |   5161 |   4922 |    239 |    768 |   3076 |   6 |  860.2 |
       Dungeon |   5161 |   4922 |    239 |    768 |   3076 |   6 |  860.2 |
               +--------+--------+--------+--------+--------+-----+--------+

Top non-repeatable levels by time:
     D:5: 1302 daAuts
     D:4: 1185 daAuts
     D:3: 991 daAuts
     D:2: 889 daAuts
     D:1: 787 daAuts
     D:6: 3 daAuts
